 Dungeon Crawl Stone Soup version 0.27-a0-67-g4bfc8a49e1 (webtiles) character file.

Game seed: 7861536960060163074

877 Borgoz the Slasher (level 8, -4/54 HPs)
             Began as a Halfling Gladiator on Jan 9, 2021.
             Slain by a bullfrog (7 damage)
             ... on level 6 of the Dungeon.
             The game lasted 00:05:19 (4300 turns).

Borgoz the Slasher (Halfling Gladiator)             Turns: 4300, Time: 00:05:20

Health: -4/54      AC: 10    Str: 15    XL:     8   Next: 25%
Magic:  8/8        EV: 17    Int:  6    God:
Gold:   179        SH:  0    Dex: 18    Spells: 7/7 levels left

rFire    . . .     SeeInvis .   a - +1 long sword
rCold    . . .     Faith    .   (shield restricted)
rNeg     . . .     Spirit   .   d - +0 acid dragon scales
rPois    .         Reflect  .   c - +0 helmet
rElec    .         Harm     .   (no cloak)
rCorr    +         Rampage  .   (no gloves)
Will     .....                  (no boots)
Stlth    +.........             (no amulet)
HPRegen  0.18/turn              (no ring)
MPRegen  0.11/turn              (no ring)

@: no status effects
A: small, slimy green scales 1, mutation resistance 1
a: no special abilities


You were on level 6 of the Dungeon.
You visited 1 branch of the dungeon, and saw 6 of its levels.

You collected 179 gold pieces.

Inventory:

Hand Weapons
 a - a +1 long sword (weapon)
 b - a +0 short sword of venom
Armour
 c - a +0 helmet (worn)
 d - +0 acid dragon scales (worn)
Scrolls
 g - 3 scrolls of teleportation
 h - a scroll of remove curse
 l - a scroll of blinking {unknown}
Potions
 f - a potion of berserk rage
 j - a potion of cancellation {unknown}


   Skills:
 + Level 3.9 Fighting
 * Level 6.3 Long Blades
 - Level 2.0 Throwing
 + Level 4.1 Armour
 + Level 5.3 Dodging


You had 7 spell levels left.
You didn't know any spells.
Your spell library was empty.

Dungeon Overview and Level Annotations

Branches:
Dungeon (7/15)
 Temple: D:4-7

Altars:
Gozag


Innate Abilities, Weirdness & Mutations

You are small and have problems with some larger weapons.
You are somewhat resistant to further mutation.
You are partially covered in slimy green scales. (AC +2)


Message History

You feel sick.
The bullfrog hits you but does no damage.
The wyvern bites you!
* * * LOW HITPOINT WARNING * * *
The bullfrog barely misses you. The bullfrog hits you.
* * * LOW HITPOINT WARNING * * *
The wyvern bites you.
* * * LOW HITPOINT WARNING * * *
You see here a howler monkey corpse.
The bullfrog misses you.
You riposte.
You slash the bullfrog!
The bullfrog is moderately wounded.
The wyvern misses you. The bullfrog hits you.
* * * LOW HITPOINT WARNING * * *
The bullfrog closely misses you.
You riposte.
You barely miss the bullfrog. The wyvern completely misses you.
The bullfrog completely misses you.
You feel sick.
You are no longer poisoned.
The bullfrog hits you!
You die...

#..######....###.†....#
#### ###...##.†###.#.
##....†)#.....
##............
##.....†/....##
#......<..###...
###....lF.# ..
#...##F## . ######@#
#........ #...#...#
#..## ## #... #....
#...# #..##


You could see a wyvern and 2 bullfrogs.

Vanquished Creatures
  Maggie (D:6)
  Sigmund (D:3)
  A centaur (D:6)
  2 howler monkeys (D:6)
  An orc priest (D:2)
  An iguana (D:3)
  A worker ant (D:6)
  3 gnolls (D:3)
  9 adders
  An ufetubus (D:6)
  An ooze (D:1)
  4 worms
  A leopard gecko (D:1)
  3 orcs
  2 giant cockroaches
  7 goblins
  5 hobgoblins
  16 jackals
  2 quokkas
  A ball python (D:1)
  7 bats
  4 frilled lizards
  7 kobolds
  6 rats
87 creatures vanquished.

Notes
Turn   | Place    | Note
-------+----------+-------------------------------------------
     0 | D:1      | Borgoz the Halfling Gladiator began the quest for the Orb.
     0 | D:1      | Reached XP level 1. HP: 14/14 MP: 1/1
   244 | D:1      | Reached XP level 2. HP: 19/19 MP: 2/2
   582 | D:1      | Reached XP level 3. HP: 24/24 MP: 3/3
   682 | D:1      | Reached skill level 1 in Armour
   925 | D:2      | Found a faded altar of an unknown god.
   938 | D:2      | Gained mutation: You are partially covered in slimy green
                  | scales. (AC +2) [potion of mutation]
   941 | D:2      | Reached XP level 4. HP: 4/29 MP: 4/4
   967 | D:2      | HP: 1/29 [poisoned by an adder]
  2047 | D:2      | Reached skill level 4 in Long Blades
  2275 | D:3      | Reached XP level 5. HP: 35/35 MP: 5/5
  2787 | D:3      | Reached XP level 6. HP: 35/41 MP: 6/6
  3040 | D:3      | Found an opulent altar of Gozag.
  3197 | D:3      | Noticed Sigmund
  3222 | D:3      | Killed Sigmund
  3223 | D:3      | Reached skill level 5 in Long Blades
  3223 | D:3      | Reached XP level 7. HP: 5/46 MP: 7/7
  3883 | D:4      | You fall into a shaft and drop 3 floors!
  3913 | D:6      | Noticed Maggie
  3945 | D:6      | Killed Maggie
  3946 | D:6      | Reached skill level 6 in Long Blades
  3946 | D:6      | Reached skill level 5 in Dodging
  3946 | D:6      | Reached XP level 8. HP: 7/54 MP: 8/8
  4281 | D:6      | Noticed a wyvern
  4300 | D:6      | Slain by a bullfrog

Illustrated notes

Levels and vault maps discovered:
D:1:      minmay_arrival_solitary_statue, layout_loops_ring
D:2:      layout_loops_ring, chequers_ecumenical_altar_simple_redux
D:3:      layout_loops_ring, grunt_gozag_breadcrumbs, portal_sewer_entry_d,
          kennysheep_generic_room_10, uniq_sigmund
D:4:      layout_gridville, gammafunk_temple_overflow_elements, serial_shops,
          nicolae_shop_competitors_out_of_business, minivault_26,
          kennysheep_generic_room_12
D:6:      layout_cave_pools, chequers_temple_overflow_minitemple,
          vehumet_crystals, basic_altar, serial_column_ruins,
          column_ruins_grid_2, column_ruins_grid_3, column_ruins_open_tiny,
          column_ruins_corridor_dead_end, uniq_eustachio, uniq_maggie
D:7:      layout_basic, fedhas_altar_3, minmay_temple_entry_sparse_star

Skill      XL: |  1  2  3  4  5  6  7  8 |
---------------+-------------------------+-----
Fighting       | 2 3 |  3.9
Armour         | 1 2 3 4 |  4.1
Long Blades    | 4 5 6 |  6.3
Dodging        | 4 5 |  5.3
Throwing       | |  2.0

Action                   |  1- 3 |  4- 6 |  7- 9 || total
-------------------------+-------+-------+-------++-------
Melee: Long sword        |    57 |   134 |    92 ||   283
Throw: Throwing net      |       |     2 |     2 ||     4
  Use: Scroll            |     2 |     6 |     1 ||     9
       Potion            |     2 |     5 |       ||     7
 Stab: Sleeping          |     1 |     1 |       ||     2
       Held in net/web   |       |       |     4 ||     4
Armor: Leather armour    |    11 |    27 |       ||    38
       Ring mail         |       |    17 |    11 ||    28
       Acid dragon scale |       |       |    18 ||    18
Dodge: Dodged            |    53 |   154 |   114 ||   321
       Rpst.: Long sword |    17 |    54 |    34 ||   105

Table legend: (Time is in decaauts)
 A = Elapsed time spent in this place.
 B = Non-inter-level travel time spent in this place.
 C = Inter-level travel time spent in this place.
 D = Time resting spent in this place.
 E = Time spent auto-exploring this place.
 F = Levels seen in this place.
 G = Mean time per level.
                   A        B        C        D        E       F      G
               +--------+--------+--------+--------+--------+-----+--------+
         Total |   4349 |   4228 |    121 |   1208 |   2224 |   6 |  724.8 |
       Dungeon |   4349 |   4228 |    121 |   1208 |   2224 |   6 |  724.8 |
               +--------+--------+--------+--------+--------+-----+--------+

Top non-repeatable levels by time:
     D:3: 1590 daAuts
     D:2: 1503 daAuts
     D:1: 771 daAuts
     D:6: 411 daAuts
     D:4: 60 daAuts
     D:7: 10 daAuts
